Cogmind - Beta 15 @@@ ROGUE MODE // 2025.08.04 @ 23:11:12 Player: Avari3l Result: Destroyed by B-75 Beast with Heavy Plasma Cannon Performance ------------- Evolutions (5) 2500 Regions Visited (9) 1800 Robots Destroyed (86) 430 Value Destroyed (3064) 3064 Prototype IDs (34) 680 Alien Tech Used (0) 0 Bonus (287) 287 TOTAL SCORE: 8761 Bonus ------- High Alert Combat Kills 11 Aligned with FarCom 300 Friendly Fire -24 Cogmind --------- Core Integrity 0/1000 Matter 251/300 Energy 98/100 System Corruption 0% Temperature Cool (12) Movement Core (50) Location -5/Upper Caves Parts ------- > --- POWER (2) -------- (None) > --- PROPULSION (5) --- (None) > --- UTILITY (8) ------ (None) > --- WEAPON (2) ------- (None) > --- INVENTORY (5) ---- Gyrokinetic Inverter Trap Reconfigurator Improved Arc Projector Hypervelocity Gauss Rifle Peak State ------------ > --- POWER ------------ Heavy Deuterium Engine Enhanced Nuclear Core > --- PROPULSION ------- Armored Leg Armored Huge Wheel Armored Huge Wheel > --- UTILITY ---------- Large Storage Unit Gravity Neutralizer Improved Light Armor Plating Hacking Suite Hacking Suite Trap Reconfigurator > --- WEAPON ----------- Gauss Rifle Mini Assault Cannon > --- INVENTORY -------- Improved Cryofiber Web Improved Heat Sink Advanced Signal Interpreter Energy Filter Advanced ECM Suite Improved Light Armor Plating Improved Light Armor Plating Improved Light Armor Plating Dynamic Insulation System Precision Shock Rifle Improved EM Pulse Cannon Improved EM Pulse Cannon Hypervelocity Gauss Rifle Long-range Missile Launcher [Rating: 70] Favorites ----------- Power Ion Engine Engine Ion Engine Power Core Enhanced Nuclear Core Propulsion Armored Huge Wheel Treads Light Treads Leg Aluminum Leg Wheel Armored Huge Wheel Hover Unit Cooled Airjet Utility Hacking Suite Device Improved Heat Sink Storage Large Storage Unit Processor Signal Interpreter Hackware Hacking Suite Protection Improved Light Armor Plating Weapon Mini Assault Cannon Energy Gun EM Pulse Gun Energy Cannon Ion Cannon Ballistic Gun Coil Gun Ballistic Cannon Mini Assault Cannon Launcher Grenade Launcher Special Weapon Mining Laser Impact Weapon Heavy Hammer Build | -11 -10 -10 -10 -9 -8 -7 -6 -5 -5 ------- Run | Yrd Mat Min Exi Min Mat Fac Fac Fac Upp Slots Evolved 10 | . . . . . 4 2 2 2 . Power 1 | . . . . . . . 1 . . Propulsion 3 | . . . . . 2 . 1 . . Utility 6 | . . . . . 2 2 . 2 . Weapon . | . . . . . . . . . . Parts Attached 106 | 6 7 3 . 2 13 26 35 14 . Power 13 | 1 1 . . . 1 2 6 2 . Engine 9 | 1 1 . . . 1 1 4 1 . Core 4 | . . . . . . 1 2 1 . Reactor . | . . . . . . . . . . Propulsion 25 | 2 . 1 . 1 5 2 10 4 . Treads 2 | . . . . . . . 2 . . Leg 12 | . . 1 . 1 2 . 5 3 . Wheel 10 | 2 . . . . 2 2 3 1 . Hover 1 | . . . . . 1 . . . . Flight . | . . . . . . . . . . Utility 38 | 1 3 . . 1 4 10 13 6 . Device 17 | . 1 . . 1 1 5 5 4 . Storage 3 | 1 1 . . . 1 . . . . Processor 4 | . . . . . 1 . 1 2 . Hackware 2 | . . . . . . 1 1 . . Protection 12 | . 1 . . . 1 4 6 . . Artifact . | . . . . . . . . . . Weapon 30 | 2 3 2 . . 3 12 6 2 . Energy Gun 10 | . 1 2 . . 1 5 1 . . Energy Cannon 5 | . . . . . . 3 2 . . Ballistic Gun 8 | 2 . . . . 1 3 2 . . Ballistic Cannon 2 | . 1 . . . . 1 . . . Launcher 2 | . 1 . . . . . 1 . . Special Weapon 1 | . . . . . 1 . . . . Impact Weapon 2 | . . . . . . . . 2 . Slashing Weapon . | . . . . . . . . . . Piercing Weapon . | . . . . . . . . . . Special Melee Weapon . | . . . . . . . . . . Unidentified Prototypes 10 | . . . . . 2 6 2 . . Parts Lost 47 | . . 3 . 2 . 7 29 6 . Power 7 | . . . . . . . 5 2 . Propulsion 13 | . . 1 . 1 . 2 7 2 . Utility 16 | . . . . 1 . 3 10 2 . Weapon 11 | . . 2 . . . 2 7 . . Highest Loss Streak 16 | . . 2 . 2 . 2 16 5 . To Critical Strikes 1 | . . . . . . . 1 . . Average Backups 11 | 2 7 9 8 7 13 12 13 4 4 Power . | . . 1 1 1 1 1 . . . Propulsion 1 | 1 4 3 3 2 . 1 . . 1 Utility 4 | . . 1 2 2 6 5 7 1 1 Weapon 4 | . 2 2 2 2 4 5 4 1 2 Tool/Special . | . . . . . . . . . . Unused Backups 28 | . 4 . . . 4 8 8 1 3 Power 7 | . 1 . . . . 3 3 . . Propulsion 4 | . 2 . . . 1 . . . 1 Utility 11 | . . . . . 3 3 4 1 . Weapon 6 | . 1 . . . . 2 1 . 2 Tool/Special . | . . . . . . . . . . Average Slot Usage (%) 85 | . 97 99 100 100 91 81 86 52 . Engine 8 | . 14 14 14 14 9 5 9 3 . Core 1 | . . . . . . 1 2 3 . Leg 7 | . . . 14 27 22 . 6 12 . Wheel 13 | . 28 26 14 . 6 15 13 3 . Device 8 | . 9 14 14 14 9 10 5 8 . Storage 7 | . 14 14 14 14 9 7 6 . . Processor 4 | . . . . . 8 6 4 6 . Hackware 6 | . . . . . . 6 11 . . Protection 6 | . 2 . . . 8 8 9 . . Energy Gun 5 | . 12 2 14 14 13 9 . . . Ballistic Gun 3 | . 2 . . . . 3 5 . . Ballistic Cannon 5 | . 11 13 14 14 2 . 4 . . Peak Build Rating 70 | 6 8 8 8 8 33 57 70 55 2 Average Rating 39 | 4 6 7 7 7 22 46 57 41 2 On Entrance 11 | . 6 8 7 8 8 31 47 2 2 Naked Turns 143 | . . . . . . . 7 13 123 Heaviest Build 62 | 12 21 22 21 21 39 57 62 33 . Greatest Support 68 | 32 32 32 16 20 56 56 68 50 3 Greatest Overweight (x) 12 | . . 1 1 1 12 1 5 . . Average Overweight (x) . | . . . 1 1 . . . . . Largest Inventory Capacity 15 | 8 10 10 10 10 15 15 15 5 5 Average Capacity 12 | 6 9 10 10 10 14 15 14 5 5 Most Carried 15 | 6 10 10 9 9 15 15 15 5 4 Average Carried 11 | 2 7 9 8 7 13 14 13 4 4 Final Capacity 15 | 8 10 10 10 10 15 15 5 5 5 Final Carried 15 | 6 10 8 9 9 15 14 5 4 4 Class Distribution -------------------- 60% | Mutant 29% | Hacker-Mutant 4% | Gladiator 3% | Scavenger-Mutant Dominant Class ---------------- Mutant | -10/Materials Mutant | -10/Mines Mutant | -10/Exiles Mutant | -9/Mines Mutant | -8/Materials Mutant | -7/Factory Hacker-Mutant | -6/Factory Gladiator | -5/Factory Mutant | -5/Upper Caves Resources | -11 -10 -10 -10 -9 -8 -7 -6 -5 -5 ----------- Run | Yrd Mat Min Exi Min Mat Fac Fac Fac Upp Matter Collected 2768 | 166 230 193 . 62 107 660 1188 62 100 Remotely . | . . . . . . . . . . Salvage Created 3271 | . 288 150 . 72 165 1474 1008 114 . Parts 192 | . 27 19 . 8 13 61 62 2 . Haulers Intercepted 5 | . . . . . 1 3 1 . . Recyclers Shooed 1 | . . . . 1 . . . . . Parts Field Recycled . | . . . . . . . . . . Retrieved Matter . | . . . . . . . . . . Parts Self-Destructed . | . . . . . . . . . . Prevented . | . . . . . . . . . . Kills | -11 -10 -10 -10 -9 -8 -7 -6 -5 -5 ------- Run | Yrd Mat Min Exi Min Mat Fac Fac Fac Upp Combat Hostiles Destroyed 68 | . 11 10 . 3 2 20 20 2 . Melee 2 | . . . . . . . . 2 . Guns 27 | . 3 1 . 2 2 15 4 . . Cannons 25 | . 8 1 . . . 3 13 . . AOE 10 | . . 8 . 1 . . 1 . . Classes Destroyed 14 | . 4 . . 2 2 3 3 . . Worker 4 | . . . . 1 . 2 1 . . Builder 1 | . . . . . . . 1 . . Tunneler 2 | . . . . 1 . . 1 . . Hauler 5 | . . . . . 1 3 1 . . Recycler 2 | . . . . . . 2 . . . Operator 2 | . 1 . . . . 1 . . . Watcher 2 | . 1 . . . . . 1 . . Swarmer 17 | . 5 8 . 3 . . 1 . . Grunt 20 | . 6 2 . . . 8 2 2 . Brawler 1 | . . . . . . . 1 . . Sentry 8 | . . . . . 2 3 3 . . Specialist 4 | . . . . . . . 4 . . Hunter 1 | . . . . . . 1 . . . Programmer 17 | . . . . . . 8 9 . . Best Kill Streak 4 | . 3 3 . 3 1 4 2 1 . Combat Bots Only 3 | . 3 3 . 3 1 3 2 1 . Max Kills in Single Turn 3 | . 1 3 . 1 1 2 1 1 . Gunslinging . | . . . . . . . . . . Exploded 3 | . . 3 . 1 . . 1 . . Melee 1 | . . . . . . . . 1 . Uniques/NPCs Destroyed . | . . . . . . . . . . Combat | -11 -10 -10 -10 -9 -8 -7 -6 -5 -5 -------- Run | Yrd Mat Min Exi Min Mat Fac Fac Fac Upp Hostile Shots Fired 1100 | . 28 31 . 21 14 260 510 149 87 Missed 353 | . 10 11 . 6 2 72 161 48 43 Hits 747 | . 18 20 . 15 12 188 349 101 44 Melee 11 | . . . . . . 10 1 . . Projectile 736 | . 18 20 . 15 12 178 348 101 44 AOE 1 | . . . . . . . 1 . . Critical Strikes 25 | . . 1 . . 1 13 7 2 1 Part Disruptions 6 | . . . . . . 1 5 . . Damage Taken 10724 | . 187 266 . 145 175 2684 5070 1572 625 Core 2453 | . 54 113 . 10 15 417 826 393 625 Absorbed by Shields . | . . . . . . . . . . Regen/Repaired (Parts) 19 | . . . . . 19 . . . . Core Remaining (%) 53 | 100 . . . 29 97 40 2 . . Volleys Fired 257 | . 22 15 . 11 17 93 99 . . Largest 2 | . 2 2 . 2 2 2 2 . . Hottest 144 | . 70 70 . 70 100 138 144 . . Shots Fired 468 | . 41 19 . 22 31 178 177 . . Gun 289 | . 19 6 . 11 23 157 73 . . Cannon 159 | . 19 4 . 11 5 17 103 . . Launcher 13 | . 3 9 . . . . 1 . . Special 7 | . . . . . 3 4 . . . Kinetic 236 | . 19 4 . 11 5 47 150 . . Thermal 101 | . . . . . 3 98 . . . Explosive 13 | . 3 9 . . . . 1 . . Electromagnetic 118 | . 19 6 . 11 23 33 26 . . Robot Hit Streak 14 | . 13 1 . 6 5 13 14 . . Robot Miss Streak 8 | . 2 8 . 3 8 5 4 . . Penetration Max 1 | . . . . . . 1 1 . . Secondary Targets . | . . . . . . . . . . Shots Hit Robots 303 | . 23 3 . 10 17 126 111 13 . Core Hits 137 | . 16 13 . 5 6 52 42 3 . Critical Kills . | . . . . . . . . . . Critical Parts Destroyed 2 | . . . . . . . 2 . . Critical Strikes 7 | . . . . . . 2 5 . . Burn 2 | . . . . . . 2 . . . Destroy 2 | . . . . . . . 2 . . Blast 3 | . . . . . . . 3 . . Melee Attacks 25 | . . . . . . . . 25 . Impact 25 | . . . . . . . . 25 . Slashing . | . . . . . . . . . . Piercing . | . . . . . . . . . . Sneak Attacks . | . . . . . . . . . . Combat Hostiles . | . . . . . . . . . . Follow-up Attacks 2 | . . . . . . . . 2 . Damage Inflicted 8432 | . 505 460 . 183 232 3200 3292 542 18 Guns 3915 | . 87 22 . 68 183 2587 968 . . Cannons 2674 | . 268 18 . 69 49 379 1891 . . Explosions 1263 | . 150 420 . 46 . 234 413 . . Melee 542 | . . . . . . . . 542 . Ramming 38 | . . . . . . . 20 . 18 Kinetic 3684 | . 268 18 . 69 49 808 2472 . . Thermal 1982 | . 33 . . 46 . 1841 62 . . Explosive 888 | . 117 420 . . . . 351 . . Electromagnetic 1298 | . 87 22 . 68 183 551 387 . . Impact 542 | . . . . . . . . 542 . Slashing . | . . . . . . . . . . Piercing . | . . . . . . . . . . Highest Corruption 21 | . . . . . . 8 21 . . Average Corruption 3 | . . . . . . 3 4 . . Corruption Purged . | . . . . . . . . . . Corruption Blocked . | . . . . . . . . . . Effects 88 | . . . . . . 37 51 . . Message Errors 21 | . . . . . . 8 13 . . Matter Fused 18 | . . . . . . 6 12 . . Heat Flow Errors 15 | . . . . . . 6 9 . . Energy Discharges 9 | . . . . . . 6 3 . . Parts Fused 3 | . . . . . . . 3 . . Data Loss (minor) 12 | . . . . . . 5 7 . . Data Loss (major) 3 | . . . . . . . 3 . . Misfires 3 | . . . . . . 3 . . . Alerts 2 | . . . . . . 1 1 . . Weapon Failures 2 | . . . . . . 2 . . . Overload Shots 14 | . . . . . . 14 . . . Effects 1 | . . . . . . 1 . . . Energy Bleed 1 | . . . . . . 1 . . . Overflow Damage 97 | . . 5 . . . 10 64 18 . Projectiles 74 | . . . . . . 10 64 . . Explosions 5 | . . 5 . . . . . . . Melee 18 | . . . . . . . . 18 . Knockbacks 18 | . 6 . . 3 . . 8 1 . Impact 1 | . . . . . . . . 1 . Kinetic 16 | . 5 . . 3 . . 8 . . Secondary 1 | . 1 . . . . . . . . Self-Inflicted Damage 340 | . 10 99 . 17 . 124 81 . 9 Shots 8 | . 1 3 . 1 . 2 1 . . Rammed 2 | . . . . . . . 1 . 1 Targets Rammed 2 | . . . . . . . 1 . 1 Kicked . | . . . . . . . . . . Crushed . | . . . . . . . . . . Highest Temperature 307 | . 45 . . 5 17 260 307 . . Average Temperature 67 | . 14 . . 4 12 65 71 . . Received Heat Transfer 1869 | . 66 27 . . 72 537 753 378 36 Effects 3 | . . . . . . . 3 . . Interference 3 | . . . . . . . 3 . . Siege Activations . | . . . . . . . . . . Martial Activations . | . . . . . . . . . . Shielding Activations . | . . . . . . . . . . Robots Disrupted . | . . . . . . . . . . Combat Hostiles . | . . . . . . . . . . Robots Corrupted 3 | . . . . . . 1 2 . . Combat Hostiles 3 | . . . . . . 1 2 . . Parts Fried 7 | . . . . . 1 3 3 . . Impact Corruptions 2 | . . . . . . . . 2 . Robots Melted 1 | . . . . . . 1 . . . Combat Hostiles 1 | . . . . . . 1 . . . Parts Melted 11 | . . . . . . 11 . . . Heat Transferred 2960 | . 50 . . . . 2860 50 . . Parts Sabotaged . | . . . . . . . . . . Parts Stolen . | . . . . . . . . . . Parts Stripped . | . . . . . . . . . . Power Chain Reactions 5 | . 1 . . 1 . 2 1 . . Alert | -11 -10 -10 -10 -9 -8 -7 -6 -5 -5 ------- Run | Yrd Mat Min Exi Min Mat Fac Fac Fac Upp Maximum Alert Level 2 | . . . . . . 2 . . . Low Security (%) 95 | 100 100 100 . 100 100 83 100 100 . Level 1 2 | . . . . . . 9 . . . Level 2 2 | . . . . . . 7 . . . Level 3 . | . . . . . . . . . . Level 4 . | . . . . . . . . . . Level 5 . | . . . . . . . . . . High Security . | . . . . . . . . . . Max Security . | . . . . . . . . . . Peak Influence 423 | . 157 137 . 70 30 423 198 52 . Initial 198 | . . 57 . . . . 198 22 . Average 60 | . 91 77 . 11 2 113 43 5 . Influence Increases 2628 | . 349 326 . 110 85 874 709 130 45 Destroy 0b10 Robot/C 1360 | . 220 200 . 60 40 400 400 40 . Destroy 0b10 Robot/NC 90 | . 10 . . 10 5 40 25 . . Destroy Leader 384 | . 32 30 . 10 22 146 134 10 . Allied During Kill 3 | . . 3 . . . . . . . Trap Triggered on 0b10 50 | . . . . . . 30 20 . . Successful Hack 143 | . 5 . . . 15 89 29 5 . Disable Machine 105 | . 30 30 . 15 . . 15 15 . Destroy Structure 148 | . 22 63 . . 3 19 41 . . Partial Spotted 15 | . . . . 15 . . . . . Lose Combat Pursuer 330 | . 30 . . . . 150 45 60 45 Influence Decreases 2603 | . 200 397 78 110 85 467 1070 176 20 Entered New Map 403 | . . 92 78 . . . 209 24 . Time Decay 1772 | . 200 275 . 90 85 397 610 95 20 Lost Part 418 | . . 30 . 20 . 60 251 57 . Lost Ally 10 | . . . . . . 10 . . . Squads Dispatched 35 | . 1 . . . . 13 19 2 . Investigation 7 | . . . . . . 3 2 2 . Extermination 14 | . . . . . . 6 8 . . Reinforcement 12 | . 1 . . . . 3 8 . . Assault 1 | . . . . . . 1 . . . Garrison 1 | . . . . . . . 1 . . Intercept . | . . . . . . . . . . Searches Triggered . | . . . . . . . . . . Construction Impeded 2 | . . . . . . . 2 . . Haulers Reinforced 1 | . . . . . . . 1 . . Active Scanning Responses . | . . . . . . . . . . Cargo Convoy Interrupts 1 | . . . . . . . 1 . . Stealth | -11 -10 -10 -10 -9 -8 -7 -6 -5 -5 --------- Run | Yrd Mat Min Exi Min Mat Fac Fac Fac Upp Distress Signals 9 | . 1 . . 2 1 1 4 . . Communications Jammed . | . . . . . . . . . . Distress Signals . | . . . . . . . . . . Times Spotted 145 | . 15 12 . 3 4 40 53 10 8 Peak Tracking Total 12 | . 3 3 . 3 2 5 12 5 5 Tactical Retreats 22 | . 2 . . . . 5 9 4 2 Traps | -11 -10 -10 -10 -9 -8 -7 -6 -5 -5 ------- Run | Yrd Mat Min Exi Min Mat Fac Fac Fac Upp Traps Triggered 9 | . . . . . . 3 5 1 . Indirectly . | . . . . . . . . . . Trap Hack Attempts . | . . . . . . . . . . Triggered . | . . . . . . . . . . Disarmed . | . . . . . . . . . . Reprogrammed . | . . . . . . . . . . Reused 5 | . . . . . . 3 2 . . Traps Reconfigurated 11 | . . . . . . 6 5 . . Traps Extracted . | . . . . . . . . . . Installed . | . . . . . . . . . . Triggered 5 | . . . . . . 3 2 . . Machines | -11 -10 -10 -10 -9 -8 -7 -6 -5 -5 ---------- Run | Yrd Mat Min Exi Min Mat Fac Fac Fac Upp Machines Disabled 8 | . 3 2 . 1 . . 1 1 . Max in Single Turn 1 | . 1 1 . 1 . . 1 1 . Machines Repaired . | . . . . . . . . . . Machines Dismantled . | . . . . . . . . . . Machines Sabotaged . | . . . . . . . . . . Overloaded Fab Kills . | . . . . . . . . . . Hacking | -11 -10 -10 -10 -9 -8 -7 -6 -5 -5 --------- Run | Yrd Mat Min Exi Min Mat Fac Fac Fac Upp Machines Accessed 43 | . 4 . 1 1 6 14 14 3 . Terminals 25 | . 2 . . 1 4 8 7 3 . Fabricators 5 | . . . . . . 2 3 . . Repair Stations 3 | . 1 . . . 1 . 1 . . Recycling Units 5 | . 1 . . . 1 1 2 . . Scanalyzers 4 | . . . . . . 3 1 . . Garrison Access . | . . . . . . . . . . Total Hacks 102 | . 10 . 1 4 18 32 31 6 . Successful 61 | . 5 . 1 1 12 21 20 1 . Failed 41 | . 5 . . 3 6 11 11 5 . Catastrophic 8 | . . . . 1 . 1 4 2 . Database Lockouts . | . . . . . . . . . . Manual 41 | . 7 . 1 4 8 7 14 . . Terminals 63 | . 5 . . 4 14 19 15 6 . Fabricators 12 | . . . . . . 5 7 . . Repair Stations 4 | . 1 . . . 2 . 1 . . Recycling Units 11 | . 4 . . . 2 1 4 . . Scanalyzers 11 | . . . . . . 7 4 . . Garrison Access . | . . . . . . . . . . Terminal Hacks 22 | . 2 . 1 1 6 7 4 1 . Part Schematic 1 | . . . . . . 1 . . . Prototype ID Bank 1 | . . . . . 1 . . . . Open DSF 3 | . . . . . . 2 . 1 . Branch Access Points 1 | . . . . . 1 . . . . Emergency Access Points 1 | . . . . . . 1 . . . Terminal Index 2 | . . . . . . 1 1 . . Alert Level 2 | . . . . . 1 . 1 . . Locate Traps 5 | . 1 . . . 2 1 1 . . Maintenance Status 1 | . 1 . . . . . . . . Hauler Manifests 1 | . . . . . 1 . . . . Zone Layout 3 | . . . . 1 . 1 1 . . Proto ID Catalog 1 | . . . 1 . . . . . . Fabricator Hacks 8 | . . . . . . 5 3 . . Network Status 2 | . . . . . . 1 1 . . Load Schematic 3 | . . . . . . 2 1 . . Build 3 | . . . . . . 2 1 . . Repair Station Hacks 2 | . . . . . 2 . . . . Scan Component 1 | . . . . . 1 . . . . Repair 1 | . . . . . 1 . . . . Recycling Unit Hacks 7 | . 1 . . . 2 1 3 . . Report Inventory 5 | . 1 . . . 1 1 2 . . Retrieve Matter 1 | . . . . . . . 1 . . Retrieve Components 1 | . . . . . 1 . . . . Scanalyzer 9 | . . . . . . 5 4 . . Insert Component 5 | . . . . . . 3 2 . . Analyze 4 | . . . . . . 2 2 . . Garrison Access Hacks . | . . . . . . . . . . Unauthorized Hacks 13 | . 2 . . . 2 3 6 . . Terminals 9 | . . . . . 2 3 4 . . Assimilate 1 | . . . . . . 1 . . . Botnet 8 | . . . . . 2 2 4 . . Fabricators 1 | . . . . . . . 1 . . Report 1 | . . . . . . . 1 . . Repair Stations . | . . . . . . . . . . Recycling Units 3 | . 2 . . . . . 1 . . Monitor 2 | . 1 . . . . . 1 . . Reject 1 | . 1 . . . . . . . . Scanalyzers . | . . . . . . . . . . Garrison Access . | . . . . . . . . . . Data Cores Recovered . | . . . . . . . . . . Used . | . . . . . . . . . . Hacking Detections 34 | . 4 . . 1 4 10 13 2 . Full Trace Events 6 | . . . . . . 3 1 2 . Feedback Events . | . . . . . . . . . . Feedback Blocked . | . . . . . . . . . . Robot Schematics Acquired . | . . . . . . . . . . Robots Built . | . . . . . . . . . . Authchips . | . . . . . . . . . . Time . | . . . . . . . . . . Total Robot Build Rating . | . . . . . . . . . . Part Schematics Acquired 4 | . . . . . . 3 1 . . Parts Built 6 | . . . . . . 4 2 . . Authchips . | . . . . . . . . . . Time 173 | . . . . . . 131 42 . . Total Part Build Rating 26 | . . . . . . 18 8 . . Parts Repaired 1 | . . . . . 1 . . . . Time 19 | . . . . . 19 . . . . Parts Recycled . | . . . . . . . . . . Recycled Matter . | . . . . . . . . . . Retrieved Matter . | . . . . . . . . . . Retrieved Components 3 | . . . . . 3 . . . . Parts Scanalyzed 4 | . . . . . . 2 2 . . Part Schematics Acquired 3 | . . . . . . 2 1 . . Parts Damaged . | . . . . . . . . . . Bothacking | -11 -10 -10 -10 -9 -8 -7 -6 -5 -5 ------------ Run | Yrd Mat Min Exi Min Mat Fac Fac Fac Upp Used RIF Installer . | . . . . . . . . . . Robots Hacked . | . . . . . . . . . . Non-combat . | . . . . . . . . . . Combat . | . . . . . . . . . . Robot Hacks Applied . | . . . . . . . . . . Relay Couplers Released 3 | . . . . . . . 3 . . Programmers 3 | . . . . . . . 3 . . Fabnet Peak Effective % . | . . . . . . . . . . Robots Rewired . | . . . . . . . . . . Allies Hacked . | . . . . . . . . . . Hacks Repelled . | . . . . . . . . . . Allies | -11 -10 -10 -10 -9 -8 -7 -6 -5 -5 -------- Run | Yrd Mat Min Exi Min Mat Fac Fac Fac Upp Total Allies 3 | . . 1 . . . 1 . . 1 Largest Group 1 | . . 1 1 . . 1 . . 1 Highest-Rated Group 180 | . . 31 31 . . 26 . . 180 Highest-Rated Ally 180 | . . 31 31 . . 26 . . 180 Total Orders . | . . . . . . . . . . Ally Attacks 1 | . . 1 . . . . . . . Total Damage . | . . . . . . . . . . Kills . | . . . . . . . . . . Allies Corrupted 1 | . . . . . . 1 . . . Allies Melted . | . . . . . . . . . . Intel | -11 -10 -10 -10 -9 -8 -7 -6 -5 -5 ------- Run | Yrd Mat Min Exi Min Mat Fac Fac Fac Upp Active Infowar (turns) 2300 | . . . . . . 2 1939 359 . IFF 359 | . . . . . . . . 359 . ECM 1941 | . . . . . . 2 1939 . . Robot Analysis Total . | . . . . . . . . . . Derelict Logs Recovered 2 | . . 1 . 1 . . . . . Drone Launches . | . . . . . . . . . . Drone Recoveries . | . . . . . . . . . . Exploration | -11 -10 -10 -10 -9 -8 -7 -6 -5 -5 ------------- Run | Yrd Mat Min Exi Min Mat Fac Fac Fac Upp Turns Passed 9427 | 75 495 607 556 542 540 2447 3416 626 123 Spaces Moved 6623 | 63 329 552 482 260 290 1497 2433 473 244 Core 287 | 5 . . . . 1 . 14 23 244 Treads . | . . . . . . . . . . Legs 755 | . . . . 258 180 . 4 313 . Wheels 5581 | 58 329 552 482 2 109 1497 2415 137 . Hover . | . . . . . . . . . . Flight . | . . . . . . . . . . Fastest Speed 50 | 50 100 100 115 115 100 100 50 50 50 Average Speed 106 | 96 100 101 115 189 114 100 105 110 50 Slowest Speed 650 | 100 100 115 115 190 650 115 155 120 50 Overloaded Moves . | . . . . . . . . . . Propulsion Burnouts . | . . . . . . . . . . Robots Hopped . | . . . . . . . . . . Potential Cave-ins . | . . . . . . . . . . Cave-ins Triggered . | . . . . . . . . . . Exploration Rate (%) 45 | 4 58 100 93 56 27 37 49 13 21 Regions Visited 9 Branch Regions 4 Pre-discovered Areas 1 | . . 1 . . . . . . . Known Exits Taken 3 | . . . . . 1 1 . 1 . Unknown Exits Taken 6 | 1 1 1 1 1 . . 1 . . Scrap Searched 2 | . . 1 . 1 . . . . . Spaces Dug 19 | . . 16 . . 3 . . . . Terrain Destroyed 145 | . 22 64 . . 3 21 35 . . Melee . | . . . . . . . . . . Projectile 18 | . . . . . 3 2 13 . . AOE 127 | . 22 64 . . . 19 22 . . Terrain Rammed . | . . . . . . . . . . Walls Destroyed . | . . . . . . . . . . Machines Disabled . | . . . . . . . . . . Actions | -11 -10 -10 -10 -9 -8 -7 -6 -5 -5 --------- Run | Yrd Mat Min Exi Min Mat Fac Fac Fac Upp Total 8478 | 74 454 580 483 288 463 2253 3104 534 245 Wait 1253 | . 78 7 . 14 106 585 455 8 . Move 6614 | 62 328 551 481 259 289 1496 2432 472 244 Hop . | . . . . . . . . . . Pick Up 83 | 6 9 1 1 2 17 23 22 2 . Fast Attach 49 | 6 3 . . . 6 6 16 12 . Attach 40 | . . 3 . 2 4 11 18 2 . Detach 5 | . . . . . 1 1 3 . . Swap 56 | . 5 3 . . 7 18 23 . . Drop 81 | . 9 . . . 16 20 27 9 . Fire 257 | . 22 15 . 11 17 93 99 . . Melee 21 | . . . . . . . . 21 . Ram 2 | . . . . . . . 1 . 1 Kick . | . . . . . . . . . . Crush . | . . . . . . . . . . Escape Stasis 16 | . . . . . . . 8 8 . Rewire 1 | . . . 1 . . . . . . Trap . | . . . . . . . . . . Miscellaneous . | . . . . . . . . . . Route ------- -11/Scrapyard -10/Materials (discovered 2 exits: [*Mat] / [*Min]) -10/Mines (discovered 4 exits: [*Mat x2] / *Exi / [*Sub]) -10/Exiles (discovered 2 exits: *Min x2) -9/Mines -8/Materials (discovered 3 exits: *Fac x3) -7/Factory -6/Factory (discovered 2 exits: *Fac / *Low) -5/Factory -5/Upper Caves History --------- Turn | Location | Event 24 | -11/Scrapyard | Discovered new exit (range 16) 76 | -11/Scrapyard | Entered Materials 292 | -10/Materials | Discovered new exit (range 12) 317 | -10/Materials | Build established: Mutant 360 | -10/Materials | Discovered new exit (range 16) 571 | -10/Materials | Entered Mines 577 | -10/Mines | Learned 8 Materials zone layouts 719 | -10/Mines | Discovered new exit (range 6) 735 | -10/Mines | Discovered new exit (range 11) 920 | -10/Mines | Core integrity fell below 50% 925 | -10/Mines | Escorted by a lone wolf Derelict 945 | -10/Mines | Learned location of Storage (-9) 1157 | -10/Mines | Discovered new exit (range 6) 1173 | -10/Mines | Deemed a non-threat by the Exiles lab entrance 1173 | -10/Mines | Discovered new exit (range 5) 1178 | -10/Mines | Entered Exiles 1178 | -10/Exiles | Accompanied by 1 ally 1198 | -10/Exiles | Discovered new exit (range 14) 1233 | -10/Exiles | Met 8R-AWN 1254 | -10/Exiles | Met EX-HEX 1303 | -10/Exiles | Met EX-BIN 1319 | -10/Exiles | Aligned with FarCom system 1320 | -10/Exiles | Given EX-Vault access code 1368 | -10/Exiles | Opened EX-Vault 1375 | -10/Exiles | Found Trap Reconfigurator 1398 | -10/Exiles | Warned to stay clear of 0b10 Research branches 1429 | -10/Exiles | Met EX-DEC 1539 | -10/Exiles | Visited The Gauntlet 1718 | -10/Exiles | Discovered new exit (range 14) 1734 | -10/Exiles | Left Exiles lab with Trap Reconfigurator 1734 | -10/Exiles | Entered Mines 1734 | -9/Mines | Discovered new exit (range 12) 1747 | -9/Mines | Met a Derelict bent on vengeance 1939 | -9/Mines | Received a Rocket Launcher from a helpful Derelict 1997 | -9/Mines | Learned 8 Materials zone layouts 2142 | -9/Mines | Assembled infested the area 2147 | -9/Mines | Assisted by a Guerilla fighting off Assembled 2276 | -9/Mines | Entered Materials 2276 | -8/Materials | Evolved 4 slots: Propulsion x2, Utility x2 2277 | -8/Materials | Identified exit to Factory 2542 | -8/Materials | Repaired Cryofiber Web 2816 | -8/Materials | Entered Factory 2816 | -7/Factory | Evolved 2 slots: Utility x2 2920 | -7/Factory | Identified exit to DSF 3886 | -7/Factory | Fabricated Lyr. Medium Armor Plating (x2) 4570 | -7/Factory | Fabricated Arm. Huge Wheel? 5131 | -7/Factory | Discovered new exit (range 11) 5141 | -7/Factory | Identified exit to Factory 5216 | -7/Factory | First assault squad dispatched 5240 | -7/Factory | Core integrity fell below 50% 5263 | -7/Factory | Entered another Factory area 5263 | -6/Factory | Evolved 2 slots: Power x1, Propulsion x1 5692 | -6/Factory | Build established: Hacker-Mutant 6191 | -6/Factory | Discovered new exit (range 4) 6212 | -6/Factory | Identified exit to Lower Caves 6587 | -6/Factory | Cargo convoy interrupted 7246 | -6/Factory | Spotted B-75 Beast 7311 | -6/Factory | Lost 3 parts (1p1n1u) 7353 | -6/Factory | Fabricated Arm. Huge Wheel (x2) 8549 | -6/Factory | Lost 3 parts (1n1u1w) 8604 | -6/Factory | System corruption reached 10% 8608 | -6/Factory | Core integrity fell below 50% 8646 | -6/Factory | Discovered new exit (range 15) 8672 | -6/Factory | Core integrity fell below 20% 8679 | -6/Factory | Entered another Factory area 8679 | -5/Factory | Evolved 2 slots: Utility x2 8682 | -5/Factory | Identified exit to DSF 8702 | -5/Factory | Lost 16 parts (3p3n5u5w) 9148 | -5/Factory | Discovered new exit (range 16) 9156 | -5/Factory | Build established: Gladiator 9165 | -5/Factory | Identified exit to Upper Caves 9305 | -5/Factory | Entered Upper Caves 9329 | -5/Upper Caves | Lost 5 parts (2p2n1u) 9382 | -5/Upper Caves | Spotted B-75 Beast 9384 | -5/Upper Caves | Core integrity fell below 50% 9411 | -5/Upper Caves | Core integrity fell below 20% 9428 | -5/Upper Caves | Destroyed by B-75 Beast with Heavy Plasma Cannon Last Messages --------------- 09297_ Discarded Imp. Signal Interpreter. 09297_ R-10 Processor collects Hvy. Hammer. 09298_ Discarded Imp. Melee Analysis Suite. 09298_ Power Amplifier destroyed. 09298_ Dropped Imp. Actuator Array. 09299_ Dropped Arm. Leg. 09300_ R-10 Processor collects Imp. Actuator Array. 09300_ R-10 Processor collects Arm. Leg. 09303_ M-28 Smith repairs G-50 Soldier Lgt. Angular Momentum Engine. 09305_ Penetrated by Slug. [Achievement: Streaker] LOCATION=UPPER CAVES GOAL=ESCAPE 09367_ Acquired 45 matter. 09375_ Acquired 53 matter. 09407_ Slammed into S-27 Virus. A strange signal echoes through the caves. 09414_ Acquired 2 matter. Map ----- +----------------------------------------------------+ | ?????????????????????????????????????????????????? | | ?????????????????????????????????????????????????? | | ?????????????????????????????????????????????????? | | ?????????????????????????????????????####????####? | | ????????????????????????????????????## #????# ## | | ???????????????????????????????????## ##???# # | | ??????????????????????????????????## ##### | | ??????????????????????????????????# ### | | ??????????????????????????????????# ## | | ??????????????????????????????????# | | ??????????????????????????????????# ## # | | ??????????????????????????????????# #### ## | | ??????????????????????????????????# ##?##### ### | | ??????????????????????????????????# ##????#### | | ?????????????????????????????????## #??????# | | ?????????????????????????????????# #??###?# | | ?????????????????????????????????# #?## #?## | | ?????????????????????????????????## ### ##### | | ??????????????????????????????????# #? | | ???????????????????????####???????# ## ##? | | ???????????????????????# ##??????## #####?? | | ????????????? #???????# #???????## #?????? | | ??????????? ??????# #????????# #?????? | | ?????????? ###### #?###????## ##???### | | ?????????? ### ##????# ##???## | | ?????????????????# @ ## ##???## ##????# | | ?????????????????## ## ##???###?????# # | | #????????????????# ############# # | | #???????????????## ## # | | #???????????????# # | | #?????????????### ####### | | #?????????#####; s ; "#?????# | | ###?####### ##BB s ;# ###?????# ##### | | ### BBs #s;### ##???????####???? | | ## ;; #;#?# #???????????????? | | "" ;# #### ## #??????????????? | | ##" ## #??????????????? | | #####"" ### #########??????????????# | | # ####???###### ##?## ##??????????????????????# | | #####???????????#"##???###???????????????????????# | | ????????????????###??????????????????????????????? | | ?????????????????????????????????????????????????? | | ?????????????????????????????????????????????????? | | ?????????????????????????????????????????????????? | | ?????????????????????????????????????????????????? | | ?????????????????????????????????????????????????? | | ?????????????????????????????????????????????????? | | ?????????????????????????????????????????????????? | | ?????????????????????????????????????????????????? | | ?????????????????????????????????????????????????? | +----------------------------------------------------+ Best States ------------- Heat Dissipation 51 Energy Generation 33 Energy Capacity 510 Matter Stores 300 Matter Capacity 300 Sight Range 16 Terrain Scan Density 10 ECM Strength 2 Power Amplification 20 Additional Mass Support 12 EM Shielding 2 Armor Coverage 450 Core Shielding 20 Evasion (%) 65 Melee Accuracy 6 Energy Filtering 30 Offensive Hacking 20 Item Schematics ----------------- Arm. Huge Wheel | -7/Factory | Scanalyzed Lyr. Medium Armor Plating | -7/Factory | Hacked Hacking Suite | -7/Factory | Scanalyzed Adv. ECM Suite | -6/Factory | Scanalyzed Robot Schematics ------------------ None Fabricated ------------ Lyr. Medium Armor Plating | x2 | -7/Factory Arm. Huge Wheel | x2 | -7/Factory Arm. Huge Wheel | x2 | -6/Factory Repaired ---------- Cryofiber Web | 36% | -8/Materials Alien Tech Used ----------------- None Achievements -------------- Overkill Streaker Challenges ------------ None Game ------ Seed CloakArmoredModule Manual? 0 Play Time 03:24:00 Cumulative 108.5 hours Start 2025.08.03 @ 22:16:26 End 2025.08.04 @ 23:11:12 Sessions 3 Manual Loads 0 Difficulty Rogue Special Mode None Game No. 52 Rogue 52 Adventurer 0 Explorer 0 Win Type - Total 1 Types 1/0/0/0/0/0/0/0/0/0 Lore% 24 Gallery% 41 Achievement% 38 Wizard Run 0 Options --------- Layout 1 ASCII 0 Keyboard 0 Movement Numpad Keybinds 0 Fullscreen 1 Font 24/Smallcaps Map View 50x35 Zoom Use 0% Tactical HUD 1 Map Filters NONE Filters NONE Steam 1 RUN: 9e85f329-3b6d-479b-b49d-21287e572d22